1932 views
Uploaded 2023-04-07 03:27:05
Game version 1.35 (6115)
22:08 long 2on2 ladder game on (4)TwistedMeadows_S2_v1.1
Saved by GIGA
1932 views
Uploaded 2023-04-07 03:27:05
Game version 1.35 (6115)
22:08 long 2on2 ladder game on (4)TwistedMeadows_S2_v1.1


50 units @ 6.9k
/ 1k
30 buildings @ 4.9k
/ 2k


| Boots of Speed | 1 | 250 |
| total: | 1 | 250g |
| Wisp | 14 | 840 | / | 0 |
| Archer | 5 | 650 | / | 50 |
| total: | 19 | 1490g | / | 50w |
| Altar of Elders | 1 | 180 | / | 50 |
| Moon Well | 4 | 720 | / | 160 |
| Ancient of War | 1 | 150 | / | 60 |
| Ancient of Wonders | 1 | 90 | / | 30 |
| Hunter's Hall | 1 | 210 | / | 100 |
| Ancient of Lore | 2 | 310 | / | 290 |
| Tree of Ages | 1 | 320 | / | 180 |
| total: | 10 | 1660g | / | 690w |
| 0:02 | Wisp |
| 0:03 | Wisp |
| 0:03 | Wisp |
| 0:07 | Altar of Elders |
| 0:17 | Moon Well |
| 0:35 | Wisp |
| 0:39 | Ancient of War |
| 0:43 | Wisp |
| 0:56 | Wisp |
| 1:11 | Wisp |
| 1:26 | Moon Well |
| 1:39 | Archer |
| 1:40 | Wisp |
| 1:53 | Wisp |
| 2:10 | Mana Burn |
| 2:17 | Ancient of Wonders |
| 2:19 | Wisp |
| 2:19 | Wisp |
| 2:44 | Moon Well |
| 2:46 | Wisp |
| 2:46 | Wisp |
| 2:49 | Archer |
| 3:07 | Evasion |
| 3:14 | Archer |
| 4:00 | Tree of Ages |
| 4:16 | Archer |
| 4:19 | Hunter's Hall |
| 4:36 | Moon Well |
| 4:40 | Archer |
| 5:25 | Boots of Speed |
| 6:27 | Ancient of Lore |
| 6:27 | Ancient of Lore |
| 6:29 | Wisp |
| 6:35 | Breath of Fire |
| 6:42 | Improved Bows |
| Select group | 128 |
| Misc. action | 115 |
| Select | 61 |
| Build/train/purchase | 30 |
| Right click | 21 |
| Use ability | 15 |
| Assign group | 7 |
| Item give/drop | 1 |
| Minimap ping | 1 |


| Healing Salve | 4 | 400 |
| Lesser Clarity Potion | 2 | 140 |
| Scroll of Speed | 2 | 100 |
| Orb of Lightning | 1 | 375 |
| Boots of Speed | 1 | 250 |
| Circlet of Nobility | 1 | 175 |
| total: | 11 | 1440g |
| Peon | 7 | 525 | / | 0 |
| Grunt | 3 | 600 | / | 0 |
| Shaman | 5 | 650 | / | 100 |
| Wind Rider | 3 | 795 | / | 120 |
| Troll Witch Doctor | 3 | 435 | / | 75 |
| Kodo Beast | 1 | 255 | / | 60 |
| Demolisher | 2 | 440 | / | 100 |
| Troll Batrider | 3 | 480 | / | 120 |
| Mountain Giant | 2 | 700 | / | 200 |
| Druid of the Claw | 2 | 510 | / | 160 |
| total: | 31 | 5390g | / | 935w |
| Altar of Storms | 1 | 180 | / | 50 |
| Orc Burrow | 7 | 1120 | / | 280 |
| Barracks | 3 | 540 | / | 150 |
| Voodoo Lounge | 1 | 130 | / | 30 |
| War Mill | 1 | 205 | / | 0 |
| Spirit Lodge | 2 | 300 | / | 300 |
| Beastiary | 3 | 435 | / | 420 |
| Stronghold | 1 | 315 | / | 190 |
| Fortress | 1 | 325 | / | 190 |
| Moon Well | 2 | 360 | / | 80 |
| Tree of Eternity | 1 | 330 | / | 200 |
| total: | 20 | 3270g | / | 1310w |
| 0:02 | Peon |
| 0:02 | Peon |
| 0:08 | Altar of Storms |
| 0:19 | Orc Burrow |
| 0:31 | Peon |
| 0:35 | Barracks |
| 0:44 | Peon |
| 0:59 | Peon |
| 1:00 | Peon |
| 1:36 | Orc Burrow |
| 1:38 | Grunt |
| 1:51 | Voodoo Lounge |
| 1:57 | Peon |
| 2:15 | Wind Walk |
| 2:31 | Grunt |
| 3:05 | Healing Salve |
| 3:05 | Healing Salve |
| 3:10 | Lesser Clarity Potion |
| 3:10 | Scroll of Speed |
| 3:51 | Stronghold |
| 4:08 | Grunt |
| 4:34 | Boots of Speed |
| 4:36 | Circlet of Nobility |
| 5:21 | Orc Burrow |
| 5:29 | Critical Strike |
| 6:18 | Spirit Lodge |
| 6:20 | Beastiary |
| 6:28 | Fortress |
| 7:08 | Mana Burn |
| 7:14 | Hex |
| 7:16 | Healing Salve |
| 7:16 | Lesser Clarity Potion |
| 7:16 | Scroll of Speed |
| 7:16 | Healing Salve |
| 7:58 | Mountain Giant |
| 8:08 | Wind Walk |
| 8:31 | Shaman |
| 8:31 | Shaman |
| 8:32 | Shaman Adept Training |
| 8:33 | Spirit Lodge |
| 10:01 | Envenomed Spears |
| 10:02 | Wind Rider |
| 10:06 | Mountain Giant |
| 10:20 | Shaman Master Training |
| 10:21 | Troll Witch Doctor |
| 10:21 | Witch Doctor Adept Training |
| 10:24 | Orc Burrow |
| 10:25 | War Mill |
| 10:36 | Tree of Eternity |
| 10:39 | Moon Well |
| 10:40 | Moon Well |
| 11:23 | Wind Rider |
| 11:24 | Wind Rider |
| 11:27 | Orc Burrow |
| 11:29 | Orc Burrow |
| 11:40 | Druid of the Claw |
| 11:42 | Druid of the Claw Adept Training |
| 11:45 | Reinforced Hides |
| 12:15 | Shaman |
| 12:16 | Witch Doctor Master Training |
| 13:57 | Troll Witch Doctor |
| 13:57 | Shaman |
| 14:01 | Druid of the Claw Master Training |
| 14:02 | Druid of the Claw |
| 14:09 | Healing Wave |
| 14:31 | Burning Oil |
| 14:32 | Steel Ranged Weapons |
| 14:34 | Barracks |
| 14:35 | Barracks |
| 14:38 | Kodo Beast |
| 15:00 | Mark of the Claw |
| 15:01 | Hardened Skin |
| 15:01 | Resistant Skin |
| 15:14 | Shaman |
| 15:16 | Demolisher |
| 16:19 | Demolisher |
| 16:22 | Orc Burrow |
| 16:23 | Thorium Ranged Weapons |
| 17:42 | Troll Batrider |
| 17:43 | Beastiary |
| 17:45 | Beastiary |
| 18:36 | Orb of Lightning |
| 20:00 | Troll Batrider |
| 20:03 | Immolation |
| 21:37 | Troll Batrider |
| 21:38 | Troll Witch Doctor |
| Select group | 1303 |
| Right click | 1212 |
| Select | 505 |
| Misc. action | 217 |
| Build/train/purchase | 105 |
| Assign group | 76 |
| Use ability | 51 |
| Item give/drop | 7 |
| Esc | 1 |
70 units @ 6.7k
/ 0.8k
93 buildings @ 7.2k
/ 3.2k


| Scroll of Regeneration | 2 | 200 |
| Lesser Clarity Potion | 3 | 210 |
| Scroll of Town Portal | 1 | 350 |
| total: | 6 | 760g |
| Peasant | 21 | 1575 | / | 0 |
| Footman | 4 | 540 | / | 0 |
| Flying Machine | 23 | 2300 | / | 690 |
| Mortar Team | 1 | 180 | / | 70 |
| total: | 49 | 4595g | / | 760w |
| Scout Tower | 21 | 630 | / | 420 |
| Arcane Tower | 4 | 280 | / | 200 |
| Guard Tower | 6 | 420 | / | 300 |
| Altar of Kings | 2 | 360 | / | 100 |
| Farm | 11 | 880 | / | 220 |
| Barracks | 2 | 320 | / | 120 |
| Lumber Mill | 2 | 240 | / | 0 |
| Town Hall | 2 | 770 | / | 410 |
| Arcane Vault | 1 | 130 | / | 30 |
| Blacksmith | 1 | 140 | / | 60 |
| Cannon Tower | 1 | 120 | / | 100 |
| Workshop | 2 | 280 | / | 280 |
| Gryphon Aviary | 1 | 140 | / | 150 |
| Keep | 1 | 320 | / | 210 |
| Castle | 1 | 360 | / | 210 |
| total: | 45 | 3890g | / | 1790w |
| 0:03 | Peasant |
| 0:03 | Peasant |
| 0:07 | Altar of Kings |
| 0:10 | Peasant |
| 0:14 | Peasant |
| 0:20 | Farm |
| 0:26 | Barracks |
| 0:36 | Peasant |
| 0:53 | Peasant |
| 1:04 | Farm |
| 1:06 | Peasant |
| 1:22 | Peasant |
| 1:30 | Footman |
| 1:34 | Scout Tower |
| 1:45 | Farm |
| 1:46 | Peasant |
| 1:53 | Lumber Mill |
| 1:54 | Peasant |
| 2:05 | Footman |
| 2:10 | Storm Bolt |
| 2:16 | Arcane Tower |
| 2:24 | Peasant |
| 3:18 | Footman |
| 3:18 | Footman |
| 3:35 | Peasant |
| 3:35 | Peasant |
| 3:36 | Peasant |
| 4:13 | Town Hall |
| 4:18 | Scout Tower |
| 4:20 | Scout Tower |
| 4:33 | Improved Masonry |
| 4:37 | Bash |
| 4:50 | Arcane Tower |
| 4:51 | Guard Tower |
| 4:54 | Scout Tower |
| 4:56 | Scout Tower |
| 5:01 | Arcane Vault |
| 5:21 | Peasant |
| 5:21 | Peasant |
| 5:35 | Scout Tower |
| 5:37 | Scout Tower |
| 5:41 | Guard Tower |
| 5:43 | Scout Tower |
| 5:45 | Scout Tower |
| 5:48 | Scroll of Regeneration |
| 5:49 | Lesser Clarity Potion |
| 6:01 | Scout Tower |
| 6:08 | Keep |
| 6:19 | Guard Tower |
| 6:21 | Peasant |
| 6:21 | Peasant |
| 6:25 | Improved Lumber Harvesting |
| 6:48 | Guard Tower |
| 6:51 | Scout Tower |
| 6:52 | Scout Tower |
| 7:48 | Storm Bolt |
| 7:51 | Arcane Tower |
| 7:54 | Scout Tower |
| 7:54 | Scout Tower |
| 8:00 | Guard Tower |
| 8:05 | Blacksmith |
| 8:08 | Scroll of Regeneration |
| 8:10 | Lesser Clarity Potion |
| 8:14 | Lesser Clarity Potion |
| 8:27 | Guard Tower |
| 8:32 | Peasant |
| 9:04 | Castle |
| 9:10 | Scroll of Town Portal |
| 10:02 | Workshop |
| 10:15 | Workshop |
| 10:42 | Altar of Kings |
| 10:44 | Black Gunpowder |
| 10:59 | Advanced Masonry |
| 11:11 | Farm |
| 11:15 | Farm |
| 11:24 | Farm |
| 11:24 | Farm |
| 11:48 | Refined Gunpowder |
| 11:53 | Farm |
| 12:04 | Farm |
| 12:08 | Flying Machine Bombs |
| 12:09 | Flak Cannons |
| 12:44 | Flying Machine |
| 12:54 | Iron Plating |
| 12:57 | Flying Machine |
| 12:57 | Flying Machine |
| 12:57 | Flying Machine |
| 13:34 | Imbued Gunpowder |
| 13:36 | Flying Machine |
| 13:36 | Flying Machine |
| 13:36 | Flying Machine |
| 14:28 | Flying Machine |
| 14:28 | Flying Machine |
| 14:28 | Flying Machine |
| 14:29 | Flying Machine |
| 14:32 | Farm |
| 14:32 | Farm |
| 14:41 | Town Hall |
| 15:01 | Flying Machine |
| 16:09 | Flying Machine |
| 16:09 | Flying Machine |
| 16:09 | Flying Machine |
| 16:09 | Flying Machine |
| 16:09 | Flying Machine |
| 16:10 | Flying Machine |
| 16:13 | Peasant |
| 16:13 | Peasant |
| 16:48 | Scout Tower |
| 16:49 | Scout Tower |
| 16:50 | Scout Tower |
| 16:50 | Scout Tower |
| 17:28 | Flying Machine |
| 17:28 | Flying Machine |
| 17:35 | Mortar Team |
| 17:58 | Arcane Tower |
| 18:01 | Cannon Tower |
| 19:33 | Flying Machine |
| 19:33 | Flying Machine |
| 19:33 | Flying Machine |
| 19:38 | Barracks |
| 19:44 | Lumber Mill |
| 20:48 | Bash |
| 20:57 | Divine Shield |
| 21:05 | Divine Shield |
| 21:33 | Gryphon Aviary |
| 21:54 | Scout Tower |
| 21:56 | Scout Tower |
| 21:56 | Scout Tower |
| Right click | 1205 |
| Select group | 610 |
| Select | 339 |
| Build/train/purchase | 99 |
| Assign group | 16 |
| Resource trade | 13 |
| Minimap ping | 12 |
| Misc. action | 9 |
| Use ability | 9 |
| Esc | 7 |
DudeWhy
(236)
(22:03) : 

| Peasant | 13 | 975 | / | 0 |
| Footman | 6 | 810 | / | 0 |
| Flying Machine | 1 | 100 | / | 30 |
| Goblin Zeppelin | 1 | 240 | / | 60 |
| total: | 21 | 2125g | / | 90w |
| Scout Tower | 30 | 900 | / | 600 |
| Arcane Tower | 2 | 140 | / | 100 |
| Guard Tower | 11 | 770 | / | 550 |
| Altar of Kings | 3 | 540 | / | 150 |
| Barracks | 1 | 160 | / | 60 |
| Farm | 8 | 640 | / | 160 |
| Lumber Mill | 2 | 240 | / | 0 |
| Blacksmith | 2 | 280 | / | 120 |
| Town Hall | 1 | 385 | / | 205 |
| Workshop | 1 | 140 | / | 140 |
| Keep | 1 | 320 | / | 210 |
| Castle | 1 | 360 | / | 210 |
| total: | 48 | 3285g | / | 1435w |
| 0:01 | Peasant |
| 0:09 | Peasant |
| 0:16 | Altar of Kings |
| 0:18 | Barracks |
| 0:19 | Altar of Kings |
| 0:21 | Peasant |
| 0:32 | Farm |
| 0:33 | Peasant |
| 0:48 | Peasant |
| 0:51 | Farm |
| 1:04 | Peasant |
| 1:23 | Footman |
| 1:38 | Farm |
| 1:42 | Footman |
| 1:45 | Peasant |
| 1:58 | Scout Tower |
| 2:09 | Peasant |
| 2:11 | Footman |
| 2:20 | Storm Bolt |
| 2:26 | Footman |
| 2:28 | Peasant |
| 2:32 | Farm |
| 3:48 | Footman |
| 4:02 | Arcane Tower |
| 4:03 | Keep |
| 4:04 | Footman |
| 4:42 | Scout Tower |
| 4:43 | Lumber Mill |
| 5:27 | Scout Tower |
| 5:51 | Guard Tower |
| 5:53 | Scout Tower |
| 6:02 | Improved Lumber Harvesting |
| 6:04 | Guard Tower |
| 6:19 | Scout Tower |
| 6:32 | Castle |
| 6:36 | Improved Masonry |
| 6:38 | Guard Tower |
| 6:46 | Scout Tower |
| 6:46 | Scout Tower |
| 6:47 | Scout Tower |
| 6:56 | Scout Tower |
| 6:57 | Scout Tower |
| 7:03 | Guard Tower |
| 7:57 | Peasant |
| 7:57 | Peasant |
| 8:00 | Scout Tower |
| 8:02 | Guard Tower |
| 8:03 | Scout Tower |
| 8:04 | Scout Tower |
| 8:05 | Scout Tower |
| 8:06 | Scout Tower |
| 8:06 | Scout Tower |
| 8:08 | Scout Tower |
| 8:10 | Scout Tower |
| 8:12 | Scout Tower |
| 8:13 | Scout Tower |
| 8:13 | Scout Tower |
| 8:18 | Advanced Lumber Harvesting |
| 8:18 | Advanced Masonry |
| 8:22 | Holy Light |
| 8:26 | Scout Tower |
| 8:30 | Guard Tower |
| 8:33 | Guard Tower |
| 8:41 | Peasant |
| 8:43 | Peasant |
| 10:00 | Guard Tower |
| 10:03 | Scout Tower |
| 10:04 | Scout Tower |
| 10:04 | Scout Tower |
| 10:05 | Scout Tower |
| 10:11 | Guard Tower |
| 10:39 | Scout Tower |
| 10:40 | Scout Tower |
| 10:41 | Arcane Tower |
| 10:45 | Scout Tower |
| 11:37 | Guard Tower |
| 11:43 | Blacksmith |
| 11:44 | Blacksmith |
| 11:49 | Guard Tower |
| 13:04 | Workshop |
| 13:26 | Lumber Mill |
| 14:07 | Flying Machine |
| 14:26 | Goblin Zeppelin |
| 14:46 | Scout Tower |
| 17:29 | Altar of Kings |
| 17:37 | Holy Light |
| 17:40 | Bash |
| 17:49 | Farm |
| 17:51 | Farm |
| 17:52 | Farm |
| 17:54 | Farm |
| 21:17 | Town Hall |
| Right click | 1285 |
| Select | 330 |
| Select group | 259 |
| Misc. action | 54 |
| Build/train/purchase | 51 |
| Use ability | 41 |
| Resource trade | 38 |
| Assign group | 22 |
| Esc | 1 |
| Minimap ping | 1 |